 Dungeon Crawl Stone Soup version 0.28-b1-25-g9875b3fc8c (webtiles) character file.

Game seed: 14800419635225350772

808 belegose the Skirmisher (level 7, -1/57 HPs)
             Began as a Demonspawn Cinder Acolyte on Feb 1, 2022.
             Was a High Priest of Ignis.
             Slain by a yak (11 damage)
             ... on level 4 of the Dungeon.
             The game lasted 00:12:55 (5600 turns).

belegose the Skirmisher (Demonspawn Cinder Acolyte) Turns: 5600, Time: 00:12:56

Health: -1/57      AC:  8    Str: 14    XL:     7   Next: 60%
Magic:  8/8        EV:  9    Int: 23    God:    Ignis [*****.]
Gold:   180        SH:  0    Dex: 11    Spells: 8/8 levels left

rFire   + . .      SeeInvis .   a - +2 dagger (venom)
rCold   + . .      Faith    .   (no shield)
rNeg    . . .      Spirit   .   d - +0 scale mail
rPois   .          Reflect  .   l - +0 helmet
rElec   .          Harm     .   (no cloak)
rCorr   .          Rampage  .   (no gloves)
Will    .....                   (no boots)
Stlth   ..........              (no amulet)
HPRegen 0.19/turn               k - ring of protection from cold
MPRegen 0.11/turn               n - +6 ring of intelligence

@: weak-willed
A: big brain 1, weakness stinger 2
a: Renounce Religion, Fiery Armour, Foxfire Swarm, Rising Flame


You were on level 4 of the Dungeon.
You worshipped Ignis.
Ignis was extremely pleased with you.
You visited 2 branches of the dungeon, and saw 5 of its levels.

You collected 180 gold pieces.

Inventory:

Hand Weapons
 a - a +2 dagger of venom (weapon)
 b - a +1 long sword of flaming
 t - a +0 hunting sling
Missiles
 c - 84 stones (quivered)
 r - 46 sling bullets
 w - 2 poisoned darts
Armour
 d - a +0 scale mail (worn)
 l - a +0 helmet (worn)
Jewellery
 k - a ring of protection from cold (left hand)
 n - a +6 ring of intelligence (right hand)
Scrolls
 e - 2 scrolls of fog
 g - 2 scrolls of identify
 v - a scroll of fear {unknown}
Potions
 i - a potion of degeneration {unknown}
 m - a potion of resistance {unknown}
 o - a potion of attraction {unknown}
 p - a potion of berserk rage {unknown}
 q - 2 potions of might {unknown}
 s - a potion of heal wounds {unknown}
 x - a potion of haste {unknown}
 z - a potion of flight {unknown}
 A - a potion of lignification {unknown}


   Skills:
 + Level 5.7 Fighting
 + Level 3.4(3.7) Short Blades
 - Level 1.8(2.9) Long Blades
 - Level 3.0 Maces & Flails
 + Level 4.0 Armour
 - Level 1.0 Dodging
 - Level 1.0 Spellcasting
 - Level 2.6 Fire Magic


You had 8 spell levels left.
You didn't know any spells.
Your spell library contained the following spells:

 Spells                   Type           Power      Damage    Failure   Level
 Scorch                   Fire           26%        2d6       28%         2
 Apportation              Tloc           2%         N/A       50%         1
 Alistair's Intoxication  Tmut/Pois      0%         N/A       100%        5


Dungeon Overview and Level Annotations

Branches:
Dungeon (4/15)             Temple (1/1) D:4

Altars:
Ashenzari
Cheibriados
Dithmenos
Fedhas
Gozag
Makhleb
Qazlal
Trog
Vehumet
Xom
Yredelemnul

Annotations:
D:3 Sigmund


Innate Abilities, Weirdness & Mutations

You have an unusually large brain. (Int +2)
You have a tail ending in a sharp stinger.


Message History

a +0 short sword; a +0 chain mail; an orc skeleton
Things that are here:
a +0 club; an orc skeleton; a hobgoblin skeleton You see here a +0 falchion.
A ball python comes into view.
The ball python hisses angrily.
The yak bellows! x2
The yak bellows!
The ball python bites you. The ball python grabs you.
The ball python constricts you. The ball python bites you.
The ball python constricts you.
You escape the ball python's grasp.
The ball python bites you but does no damage.
The ball python closely misses you.
An adder comes into view.
You aren't carrying any items that you can evoke.
As you read the scroll labelled ASTORA OTHRIO, it crumbles to dust.
It is a scroll of identify.
e - 2 scrolls of fog The yak gores you!
As you read the scroll labelled TYISTR ULIHUOF, it crumbles to dust.
You feel strangely unstable.
It was a scroll of teleportation.
The yak gores you.
Your surroundings seem slightly different.
Okay, then.
The yak closely misses you.
Unknown command.
As you read the scroll labelled QUSUIF AME YWE, it crumbles to dust.
Magic quickly surges around you.
It was a scroll of vulnerability.
The yak gores you!
* * * LOW HITPOINT WARNING * * *
As you read the scroll labelled PEARIE LOAH, it crumbles to dust.
It is a scroll of amnesia.
You feel forgetful for a moment. The yak gores you!
* * * LOW HITPOINT WARNING * * *
As you read the scroll labelled SODIPR PIYRHEP, it crumbles to dust.
Wisps of shadow whirl around you...
It was a scroll of summoning.
The yak bellows!
The yak gores you!
You die...

##########......#####.#####.##...
#.....##.##Y.........##.####.
#<##.####.##Y####.##.##)####.
####.##.#..##.#Y# #.........†..
#.......#.#.#.#Y# ###...######.
#.##.#..#.##.##Y# #...# #.
#.##.#..##†####Y# #..[# #)
#.##....#.#.###Y# ###)# #.
#.###..)#.##..#@# #.# #.
#.###[.##..##.#S# #)# #.
#......####.###S# #.# ## ####..##
#_##..# #.# #.## ###...# ### #.#
#.# #.....###<####.# #.#
########.#)....# #.# ##.######
#.# ####### #.#


You could see 7 yaks, a friendly adder (summoned) and a friendly ball python
(summoned).

Vanquished Creatures
  2 yaks
  An ogre (D:4)
  A scorpion (D:4)
  An orc priest (D:4)
  A hound (D:2)
  A centaur skeleton (D:4)
  An iguana (D:4)
  Natasha (thrice) (D:2)
  An orc wizard (D:4)
  Robin (D:3)
  5 adders
  An ufetubus (D:3)
  A worm (D:3)
  2 dart slugs
  3 orcs (D:4)
  4 ball pythons
  9 endoplasms
  3 giant cockroaches
  18 goblins
  14 hobgoblins
  3 jackals (D:1)
  7 quokkas
  3 bats (D:1)
  3 frilled lizards
  4 kobolds
  3 rats
96 creatures vanquished.

Notes
Turn   | Place    | Note
-------+----------+-------------------------------------------
     0 | D:1      | belegose the Demonspawn Cinder Acolyte began the quest for
                  | the Orb.
     0 | D:1      | Reached XP level 1. HP: 18/18 MP: 2/2
   514 | D:1      | Gained mutation: You have a small tail. [demonic ancestry]
   514 | D:1      | Reached XP level 2. HP: 24/24 MP: 3/3
   722 | D:1      | Reached skill level 1 in Dodging
   945 | D:1      | Reached XP level 3. HP: 29/29 MP: 4/4
  1576 | D:2      | Noticed Natasha
  1701 | D:2      | Killed Natasha
  1702 | D:2      | Reached skill level 1 in Long Blades
  1702 | D:2      | Reached skill level 1 in Armour
  1719 | D:2      | Found a faded altar of an unknown god.
  1737 | D:2      | Gained mutation: You have an unusually large brain. (Int
                  | +2) [demonic ancestry]
  1737 | D:2      | Reached XP level 4. HP: 37/37 MP: 5/5
  1928 | D:2      | Noticed Natasha
  1936 | D:2      | Killed Natasha
  2095 | D:2      | Noticed Natasha
  2108 | D:2      | Killed Natasha
  2109 | D:2      | Reached skill level 4 in Fighting
  2555 | D:2      | Reached XP level 5. HP: 33/42 MP: 6/6
  2669 | D:3      | Noticed Sigmund
  3070 | D:3      | Reached skill level 1 in Short Blades
  3177 | D:3      | Found a broken altar of Ashenzari.
  3542 | D:4      | Gained mutation: You have a tail ending in a sharp stinger.
                  | [demonic ancestry]
  3542 | D:4      | Reached XP level 6. HP: 49/49 MP: 7/7
  3919 | D:4      | Found a shimmering altar of Xom.
  3942 | D:4      | Found a basalt altar of Yredelemnul.
  3974 | D:4      | Noticed a yak
  3974 | D:4      | Noticed a yak
  3976 | D:4      | Noticed a yak
  3976 | D:4      | Noticed a yak
  4216 | D:4      | Noticed a yak
  4217 | D:4      | Noticed a yak
  4218 | D:4      | Noticed a yak
  4218 | D:4      | Noticed a yak
  4218 | D:4      | Noticed a yak
  4278 | D:2      | Killed a yak
  4279 | D:2      | Reached skill level 5 in Fighting
  4650 | D:4      | Reached XP level 7. HP: 33/56 MP: 8/8
  4801 | D:4      | Noticed Robin
  4866 | D:4      | Found a staircase to the Ecumenical Temple.
  4922 | D:3      | Killed Robin
  5024 | Temple   | Entered the Ecumenical Temple
  5455 | D:4      | Noticed a yak
  5456 | D:4      | Noticed a yak
  5538 | D:4      | Killed a yak
  5600 | D:4      | Slain by a yak

Illustrated notes

Levels and vault maps discovered:
D:1:      ncdulo_halloftheorcs, layout_basic
D:2:      layout_basic, chequers_ecumenical_altar_simple_redux, uniq_natasha
D:3:      layout_basic, mainiacjoe_overflow_small_starburst, hex_medium,
          hangedman_decor_peaks_small, minivault_23, kennysheep_nub,
          minmay_stone_trees_small, uniq_sigmund
D:4:      layout_loops_cross, mainiacjoe_overflow_alcove_1, marbit_many_paths,
          minmay_temple_entry_mist, uniq_robin
Temple:   eino_narrow_crystal_temple

Skill      XL: |  1  2  3  4  5  6  7 |
---------------+----------------------+-----
Dodging        | 1 |  1.0
Maces & Flails | 3 |  3.0
Long Blades    | 1 |  1.8
Armour         | 1 2 3 4 |  4.0
Fighting       | 4 5 |  5.7
Short Blades   | 1 2 3 |  3.4
Spellcasting   | |  1.0
Fire Magic     | |  2.6

Action                   |  1- 3 |  4- 6 |  7- 9 || total
-------------------------+-------+-------+-------++-------
Melee: Mace              |    26 |       |       ||    26
       Long sword        |    48 |    31 |       ||    79
       Tailslap          |     4 |    21 |     8 ||    33
       Punch             |     1 |     2 |       ||     3
       Dagger            |       |   132 |    76 ||   208
Throw: Dart              |       |     3 |       ||     3
       Stone             |       |     1 |       ||     1
  Use: Scroll            |       |       |     5 ||     5
Armor: Robe              |     6 |       |       ||     6
       Scale mail        |    28 |    58 |    22 ||   108
Dodge: Dodged            |    37 |    72 |    26 ||   135
